 Dungeon Crawl Stone Soup version 0.27.1-34-g3ba077fa99 (webtiles) character file.

Game seed: 11291695019256403537

9873 LLlMATKO the Cleaver (level 11, -1/148 HPs)
             Began as a Minotaur Berserker on Jan 21, 2022.
             Was an Elder of Trog.
             Succumbed to Erica's bolt of poison
             ... on level 11 of the Dungeon.
             The game lasted 00:12:35 (12238 turns).

LLlMATKO the Cleaver (Minotaur Berserker)          Turns: 12238, Time: 00:12:36

Health: -1/148     AC: 15    Str: 23    XL:     11   Next: 28%
Magic:  10/10      EV:  8    Int:  4    God:    Trog [****..]
Gold:   558        SH: 12    Dex: 12    Spells: 10/10 levels left

rFire    . . .     SeeInvis .   G - +0 hand axe (venom)
rCold    + . .     Faith    .   f - +2 kite shield {rC+}
rNeg     . . .     Spirit   .   y - +0 plate armour
rPois    .         Reflect  .   z - +0 hat
rElec    .         Harm     .   B - scarf {repulsion}
rCorr    +         Rampage  .   t - +0 pair of gloves
Will     .....                  (no boots)
Stlth    ..........             (no amulet)
HPRegen  0.34/turn              d - ring of resist corrosion
MPRegen  0.12/turn              (no ring)

@: berserking (expiring), lethally poisoned (-1 -> -12), repel missiles, very
quick
A: horns 2, retaliatory headbutt
a: Renounce Religion, Berserk, Trog's Hand, Brothers in Arms


You were on level 11 of the Dungeon.
You worshipped Trog.
Trog was greatly pleased with you.
You visited 1 branch of the dungeon, and saw 11 of its levels.

You collected 558 gold pieces.

Inventory:

Hand Weapons
 a - a +1 spear of flaming
 x - a +0 arbalest
 G - a +0 hand axe of venom (weapon)
 H - a +2 whip of electrocution
Missiles
 b - 8 bolts
 k - 53 poisoned darts (quivered)
 l - 107 sling bullets
Armour
 f - a +2 kite shield of cold resistance (worn)
 t - a +0 pair of gloves (worn)
 y - a +0 plate armour (worn)
 z - a +0 hat (worn)
 B - a scarf of repulsion (worn)
Jewellery
 d - a ring of resist corrosion (left hand)
Wands
 m - a wand of flame (10)
 p - a wand of digging (4)
 A - a wand of charming (12)
Scrolls
 c - 2 scrolls of silence
 g - 4 scrolls of vulnerability
 h - 3 scrolls of teleportation
 i - 9 scrolls of identify
 r - 2 scrolls of fog
 s - a scroll of fear
 C - a scroll of enchant armour
 D - a scroll of blinking {unknown}
 E - a scroll of noise {unknown}
 J - a scroll of magic mapping {unknown}
 K - a scroll of acquirement
 L - a scroll of amnesia {unknown}
Potions
 e - 2 potions of lignification {unknown}
 j - a potion of degeneration {unknown}
 n - 2 potions of haste
 o - a potion of might {unknown}
 q - a potion of ambrosia {unknown}
 u - a potion of cancellation {unknown}
 v - 3 potions of flight {unknown}
 w - 7 potions of curing {unknown}
 F - a potion of mutation {unknown}
 I - a potion of heal wounds {unknown}


   Skills:
 + Level 10.0 Fighting
 + Level 10.0 Axes
 + Level 7.4 Crossbows
 + Level 9.6 Armour
 + Level 8.9 Dodging
 + Level 6.3 Shields


You had 10 spell levels left.
You didn't know any spells.
Your spell library was empty.

Dungeon Overview and Level Annotations

Branches:
Dungeon (11/15)            Temple (0/1) D:4
   Lair: D:8-11         Orc: D:9-12

Altars:
Cheibriados
Nemelex Xobeh
Qazlal
Ru
Yredelemnul
Zin

Annotations:
D:11 Snorg


Innate Abilities, Weirdness & Mutations

You have a pair of horns on your head.
You reflexively headbutt those who attack you in melee.


Message History

You are more poisoned.
* * * LOW HITPOINT WARNING * * *
You hit something. Your headbutt misses something. You barely miss the yak.
You closely miss the yak. You hit the yak.
* * * LOW HITPOINT WARNING * * *
You feel very sick. The yak barely misses you. x2
Unknown command.
You miss something. You slash the yak!
You kill the yak!
Trog accepts your kill.
You slash the yak!
The yak is poisoned.
You slash the yak!
You feel sick. Something hits you.
* * * LOW HITPOINT WARNING * * *
Something burns you.
* * * LOW HITPOINT WARNING * * *
The yak gores you but does no damage.
A black bear comes into view.
Your Fighting skill increases to level 10!
You closely miss something.
The black bear growls angrily.
You hit the yak.
The yak looks as sick as possible!
You hit the yak.
The yak looks as sick as possible!
* * * LOW HITPOINT WARNING * * *
You feel sick. The yak gores you.
* * * LOW HITPOINT WARNING * * *
You slash something! You headbutt something! You barely miss the yak.
You slash the yak!
The yak looks as sick as possible!
* * * LOW HITPOINT WARNING * * *
You feel sick. Something hits you but does no damage.
You block the yak's attack.
Unknown command.
You barely miss the yak.
The yak is almost dead.
You slash something! Trog accepts your kill.
Trog appreciates your killing of a magic user.
Reactivating autopickup.
You feel a bit more experienced.
You slash the yak!
You die...

######### ######
#.......# #....#
#.......# #.?..#
#.......# #....#
#.......## .
#...?# #.)......#
.. #....#
##Y@)####.#
...#....###ZY)## #
(...(...#...hT#
()........#รท..#
#...#..h.##......#
#.# ##..##...#####
. ##.!...##
.[...## #.....#


You could see Snorg, 2 yaks, 2 black bears and a centaur warrior zombie.

Vanquished Creatures
  3 two-headed ogres
  A centaur warrior (D:10)
  Erica (D:11)
  Pikel (D:9)
  A cyclops (D:7)
  2 trolls
  Grinder (D:4)
  A shadow (D:9)
  2 wraiths
  7 yaks
  2 steam dragons
  An acid dragon (D:9)
  A water moccasin (D:11)
  An ice beast (D:6)
  An orc warrior (D:7)
  A sky beast (D:6)
  3 black bears
  2 centaurs (D:8)
  A necrophage (D:6)
  An ogre (D:5)
  4 phantoms
  A kobold brigand (D:6)
  5 bullfrogs
  2 scorpions
  A gnoll sergeant (D:10)
  A wyvern skeleton (D:6)
  2 water moccasin skeletons
  14 killer bees (D:10)
  5 wights (D:8)
  A howler monkey (D:8)
  4 centaur zombies
  A bullfrog zombie (D:6)
  A jelly (D:5)
  2 gnoll shamans
  2 orc priests (D:8)
  3 bullfrog skeletons (D:5)
  4 hounds
  3 iguanas
  9 orc wizards
  A killer bee zombie (D:7)
  A hound skeleton (D:4)
  3 howler monkey zombies
  16 gnolls
  2 howler monkey skeletons
  5 adders
  A shadow imp (D:5)
  A white imp (D:6)
  2 worms
  A dart slug (D:2)
  30 orcs
  7 endoplasms
  6 goblins
  10 hobgoblins
  4 jackals (D:1)
  4 quokkas
  7 ball pythons
  4 bats
  2 frilled lizards
  7 kobolds
  2 rats (D:3)
215 creatures vanquished.

Vanquished Creatures (others)
  55 fungi
  48 plants (D:11)
103 creatures vanquished.

Grand Total: 318 creatures vanquished

Notes
Turn   | Place    | Note
-------+----------+-------------------------------------------
     0 | D:1      | LLlMATKO the Minotaur Berserker began the quest for the
                  | Orb.
     0 | D:1      | Reached XP level 1. HP: 19/19 MP: 0/0
   394 | D:1      | Found a faded altar of an unknown god.
   458 | D:1      | Reached XP level 2. HP: 17/27 MP: 1/1
  1466 | D:2      | Reached XP level 3. HP: 32/33 MP: 2/2
  1637 | D:2      | Reached ** piety under Trog
  2743 | D:3      | Reached XP level 4. HP: 40/40 MP: 3/3
  3863 | D:4      | Noticed a scorpion
  3869 | D:4      | Killed a scorpion
  3870 | D:4      | Reached XP level 5. HP: 38/47 MP: 4/4
  4151 | D:4      | Noticed Grinder
  4155 | D:4      | Killed Grinder
  4156 | D:4      | Reached skill level 5 in Fighting
  4156 | D:4      | Reached skill level 5 in Axes
  4156 | D:4      | Reached XP level 6. HP: 52/56 MP: 5/5
  4354 | D:4      | Found a staircase to the Ecumenical Temple.
  4769 | D:5      | Entered Level 5 of the Dungeon
  4778 | D:5      | Reached XP level 7. HP: 41/61 MP: 6/6
  4810 | D:5      | Reached skill level 1 in Crossbows
  4810 | D:5      | Reached skill level 5 in Armour
  5099 | D:5      | Reached skill level 5 in Dodging
  5517 | D:5      | Identified the +12 dagger "Orym" {speed, Str+3}
  5853 | D:6      | Reached XP level 8. HP: 66/71 MP: 7/7
  5973 | D:6      | Reached *** piety under Trog
  6691 | D:7      | Reached XP level 9. HP: 79/79 MP: 8/8
  6713 | D:7      | Identified 2 scrolls of acquirement
  6713 | D:7      | Acquired a +1 kite shield of cold resistance
  6714 | D:7      | Acquired a scarf of repulsion
  6845 | D:7      | Reached skill level 1 in Shields
  7227 | D:7      | Found a flagged portal.
  7227 | D:7      | Noticed a cyclops
  7237 | D:7      | Killed a cyclops
  8475 | D:8      | Reached **** piety under Trog
  8476 | D:8      | Reached skill level 5 in Crossbows
  9308 | D:9      | Noticed Pikel
  9315 | D:9      | Killed Pikel
  9316 | D:9      | Reached XP level 10. HP: 90/90 MP: 9/9
  9768 | D:9      | Noticed a two-headed ogre
  9780 | D:9      | Killed a two-headed ogre
 10022 | D:10     | Entered Level 10 of the Dungeon
 10289 | D:10     | Found a sparkling altar of Nemelex Xobeh.
 10289 | D:10     | Found a stormy altar of Qazlal.
 10297 | D:10     | Found a sacrificial altar of Ru.
 10299 | D:10     | Found a basalt altar of Yredelemnul.
 10301 | D:10     | Found a glowing silver altar of Zin.
 10349 | D:10     | Found a snail-covered altar of Cheibriados.
 10820 | D:10     | Reached skill level 5 in Shields
 10923 | D:10     | Noticed a centaur warrior
 10940 | D:10     | Killed a centaur warrior
 11524 | D:11     | Noticed a two-headed ogre
 11539 | D:11     | Killed a two-headed ogre
 11540 | D:11     | Reached XP level 11. HP: 62/99 MP: 10/10
 11937 | D:11     | Noticed Erica
 12158 | D:11     | Noticed a two-headed ogre
 12159 | D:11     | Noticed Snorg
 12229 | D:11     | Killed a two-headed ogre
 12230 | D:11     | Reached skill level 10 in Axes
 12236 | D:11     | Reached skill level 10 in Fighting
 12236 | D:11     | HP: 3/148 [yak (5)]
 12237 | D:11     | HP: 1/148 [poisoned by Erica (bolt of poison)]
 12238 | D:11     | Killed Erica
 12238 | D:11     | Succumbed to Erica's bolt of poison

Illustrated notes

Levels and vault maps discovered:
D:1:      sevenhm_arrival_forest_fort_small_3, layout_loops_ring,
          shapermc_ecumenical_altar_mp_highgroup
D:2:      layout_basic, lightli_corner_chamber
D:3:      layout_basic, chequers_arboretum, hangedman_abyss_or_decor_stabs,
          grunt_ministairs_5, chequers_garden
D:4:      layout_loops_ring, minmay_temple_entry_mist, uniq_grinder
D:5:      layout_rooms, serial_aquarium, aquarium_bridge_straight
          [aquarium_subvault_bridge, aquarium_subvault_wall,
          aquarium_subvault_bridge, aquarium_subvault_wall],
          aquarium_bridge_square [aquarium_subvault_bridge,
          aquarium_subvault_balcony, aquarium_subvault_window,
          aquarium_subvault_bridge], aquarium_window_1,
          aquarium_window_corridor_1, aquarium_view_2d, aquarium_balcony_3a,
          aquarium_pool_1
D:6:      layout_cave_pools
D:7:      layout_gridville, serial_rivers, chequers_serial_rivers_large_a,
          chequers_serial_rivers_large_b, chequers_serial_rivers_marsh,
          chequers_serial_rivers_micro_d, enter_bailey_2, due_unseen_surprise
D:8:      layout_loops_ring
D:9:      layout_cave_pools, kennysheep_generic_room_10, uniq_pikel
D:10:     layout_roguey, cheibriados_altar_1,
          chequers_temple_overflow_minitemple
D:11:     layout_rooms, due_lair_maze_entry_diamond, uniq_snorg, uniq_erica

Skill      XL: |  1  2  3  4  5  6  7  8  9 10 11 |
---------------+----------------------------------+-----
Axes           | 4 5 6 7 8 9 10 | 10.0
Fighting       | 4 5 6 7 8 9 10 | 10.0
Armour         | 3 4 5 6 8 9 |  9.6
Dodging        | 3 4 5 6 7 8 |  8.9
Crossbows      | 2 4 5 7 |  7.4
Shields        | 3 5 6 |  6.3

Action                   |  1- 3 |  4- 6 |  7- 9 | 10-12 || total
-------------------------+-------+-------+-------+-------++-------
Melee: Hand axe          |    76 |    77 |   155 |   206 ||   514
       Headbutt          |    18 |    13 |    63 |    43 ||   137
       War axe           |       |       |   105 |       ||   105
Throw: Dart              |       |       |     2 |     4 ||     6
Invok: Berserk           |     1 |     2 |     6 |     7 ||    16
  Use: Scroll            |       |       |     9 |       ||     9
 Stab: Sleeping          |     2 |       |       |       ||     2
Armor: Animal skin       |     3 |     3 |       |       ||     6
       Ring mail         |       |    21 |     9 |       ||    30
       Plate armour      |       |       |   164 |   121 ||   285
Dodge: Dodged            |    49 |    36 |   112 |    70 ||   267
       Repelled          |       |       |     1 |       ||     1
Block: Kite shield       |       |       |    60 |   157 ||   217
